 Dungeon Crawl Stone Soup version 0.30.0-18-gc0e69614cb (webtiles) character file.

Game seed: 8005538611011196419

182 Hades the Trooper (level 5, -4/41 HPs)
             Began as a Demonspawn Fighter on May 24, 2023.
             Was a Priest of Fedhas.
             Slain by an iguana (10 damage)
             ... on level 4 of the Dungeon.
             The game lasted 00:20:55 (3219 turns).

Hades the Trooper (Demonspawn Fighter)              Turns: 3219, Time: 00:20:57

Health: -4/41      AC:  8    Str: 17    XL:     5   Next: 34%
Magic:  16/16      EV:  9    Int: 11    God:    Fedhas [***...]
Gold:   154        SH:  4    Dex: 12    Spells: 6/6 levels left

rFire   . . .        a - +1 long sword
rCold   . . .        c - +0 buckler
rNeg    . . .        b - +0 scale mail
rPois   .            (helmet unavailable)
rElec   .            h - scarf {repulsion}
rCorr   .            n - +0 pair of gloves
SInv    .            (no boots)
Will    .....        (no amulet) Stlth
                     g - ring of flight
HPRegen 0.26/turn    p - ring of magical power
MPRegen 0.15/turn

%: repel missiles
@: flying
A: horns 3, demonic guardian 1
a: Renounce Religion, Wall of Briars, Grow Ballistomycete


You were on level 4 of the Dungeon.
You worshipped Fedhas.
Fedhas was most pleased with you.
You visited 1 branch of the dungeon, and saw 4 of its levels.

You collected 154 gold pieces.

Inventory:

Hand Weapons
 a - a +1 long sword (weapon)
Missiles
 q - 2 throwing nets (quivered)
Armour
 b - a +0 scale mail (worn)
 c - a +0 buckler (worn)
 h - a scarf of repulsion (worn)
 n - a +0 pair of gloves (worn)
Jewellery
 g - a ring of flight (left hand)
 p - a ring of magical power (right hand)
Scrolls
 i - a scroll of noise {unknown}
 j - 4 scrolls of immolation
 k - 4 scrolls of identify
Potions
 d - 2 potions of might
 e - 2 potions of curing {unknown}
 f - a potion of haste {unknown}
 l - a potion of mutation {unknown}
 m - a potion of heal wounds {unknown}
 o - a potion of degeneration {unknown}


   Skills:
 + Level 3.6 Fighting
 + Level 3.4 Long Blades
 + Level 3.4 Armour
 + Level 0.4 Dodging
 + Level 3.1 Shields
 * Level 1.3 Spellcasting


You had 6 spell levels left.
You didn't know any spells.
Your spell library contained the following spells:

 Spells                   Type           Power      Damage    Failure   Level
 Lesser Beckoning         Tloc           0%         N/A       89%         2
 Gell's Gravitas          Tloc           0%         N/A       98%         3
 Teleport Other           Tloc           0%         N/A       98%         3
 Tukima's Dance           Hex            0%         N/A       98%         3
 Passage of Golubria      Tloc           0%         N/A       100%        4
 Summon Forest            Summ/Tloc      0%         N/A       100%        5
 Summon Mana Viper        Hex/Summ       0%         N/A       100%        5
 Yara's Violent Unravell  Hex/Tmut       0%         3d3       100%        5
 Summon Cactus Giant      Summ           0%         N/A       100%        6


Dungeon Overview and Level Annotations

Branches:
Dungeon (4/15)
 Temple: D:4-7

Altars:
Fedhas
Trog
Yredelemnul

Annotations:
D:3 3 runed translucent doors, Videoboy1111's ghost, amateur MiFi
D:4 Ijyb


Innate Abilities, Weirdness & Mutations

You have a pair of large horns on your head.
A weak demonic guardian rushes to your aid.


Message History

Your quasit bites Ijyb.
Your quasit claws Ijyb but does no damage.
Your quasit misses Ijyb. The iguana barely misses you.
Ijyb hits your quasit with a +0 club.
Your quasit dies!
Your quasit disappears in a puff of smoke!
Ijyb screams, "Me very upset!"
Ijyb zaps a wand.
The roots erupt in riotous growth!
The grasping roots grab you! The grasping roots constrict you.
* * * LOW HITPOINT WARNING * * *
A demonic guardian appears!
The iguana barely misses your quasit.
The roots grasp on you weakens, but your attempt to escape fails.
The iguana bites your quasit.
Ijyb hits your quasit but does no damage.
The grasping roots constrict you.
* * * LOW HITPOINT WARNING * * *
Your quasit bites the iguana but does no damage.
Your quasit claws the iguana but does no damage.
Your quasit misses the iguana.
You escape the roots grasp.
Your quasit barely misses the iguana. x2
Your quasit closely misses the iguana.
Ijyb screams, "Get away!"
Ijyb barely misses your quasit.
Your quasit bites the iguana.
Your quasit barely misses the iguana.
Your quasit closely misses the iguana.
Ijyb completely misses your quasit.
You closely miss the iguana.
The iguana is lightly wounded.
Your quasit barely misses the iguana. x3; The iguana barely misses you.
Ijyb completely misses your quasit.
Your quasit bites the iguana but does no damage.
Your quasit closely misses the iguana.
Your quasit barely misses the iguana.
You barely miss the iguana.
The iguana is lightly wounded.
Your quasit bites the iguana but does no damage.
Your quasit closely misses the iguana.
Your quasit claws the iguana but does no damage.
The iguana bites you!
You die...
Fedhas appreciates your contribution to the ecosystem.

##### #...# #...#
########### ##### #...#
#...(...... #.... #...#
#........## #..?. ##@..#
#.......... #.... #.l..#
######..^.. ..#....##5...##
#.'..... .......og.....#
#.#.....
..#....##.....######.#.....
+..........))).))†>..##..
########.......###.####..
#.......# #.# ### #.......+
#.#


You could see Ijyb, an iguana (ally target) and a friendly quasit (summoned).

Vanquished Creatures
  An orc wizard (D:4)
  3 gnolls (D:3)
  6 adders
  2 worms
  4 orcs
  5 bats
  6 endoplasms
  3 giant cockroaches (D:1)
  3 hobgoblins
  3 jackals (D:1)
  3 quokkas (D:1)
  5 ball pythons
  3 frilled lizards
  2 goblins
  10 kobolds
  3 rats
62 creatures vanquished.

Vanquished Creatures (collateral kills)
  A worm (D:3)
  An orc (D:4)
  2 rats (D:3)
4 creatures vanquished.

Grand Total: 66 creatures vanquished

Notes
Turn   | Place    | Note
-------+----------+-------------------------------------------
     0 | D:1      | Hades the Demonspawn Fighter began the quest for the Orb.
     0 | D:1      | Reached XP level 1. HP: 18/18 MP: 1/1
    39 | D:1      | Found a faded altar of an unknown god.
    79 | D:1      | Prayed at the altar of an unknown god.
    79 | D:1      | Became a worshipper of Fedhas Madash
    79 | D:1      | Reached * piety under Fedhas
   233 | D:1      | Gained mutation: You have a pair of small horns on your
                  | head. [demonic ancestry]
   233 | D:1      | Reached XP level 2. HP: 16/24 MP: 2/2
   859 | D:1      | Reached ** piety under Fedhas
  1026 | D:2      | Gained mutation: You have a pair of horns on your head.
                  | [demonic ancestry]
  1026 | D:2      | Reached XP level 3. HP: 29/29 MP: 3/3
  1936 | D:3      | Found a runed translucent gate.
  1936 | D:3      | Found a runed translucent gate.
  1936 | D:3      | Found a runed translucent gate.
  1936 | D:3      | Noticed Videoboy1111's ghost (amateur MiFi)
  1938 | D:3      | Noticed a kobold brigand
  1944 | D:3      | Gained mutation: A weak demonic guardian rushes to your
                  | aid. [demonic ancestry]
  1944 | D:3      | Reached XP level 4. HP: 25/35 MP: 4/4
  2042 | D:3      | Found a bloodstained altar of Trog.
  2042 | D:3      | Found a basalt altar of Yredelemnul.
  2078 | D:3      | Reached skill level 1 in Spellcasting
  2972 | D:3      | Gained mutation: You have a pair of large horns on your
                  | head. [demonic ancestry]
  2972 | D:3      | Reached XP level 5. HP: 38/41 MP: 6/6
  3158 | D:4      | Reached *** piety under Fedhas
  3195 | D:4      | Noticed Ijyb
  3219 | D:4      | Slain by an iguana

Illustrated notes

Levels and vault maps discovered:
D:1:      psy_arrival_basics, layout_loops_ring,
          hellmonk_ecumenical_altar_pennies_from_heaven
D:2:      layout_loops_ring, serial_forest, infiniplex_forest_straight_3,
          infiniplex_forest_end_1, infiniplex_forest_diagonal,
          infiniplex_forest_straight_2, infiniplex_forest_corner_2,
          infiniplex_forest_fountain, infiniplex_forest_straight_1,
          infiniplex_forest_lined_2, infiniplex_forest_lined_2,
          infiniplex_forest_lined_2
D:3:      layout_basic, jmf_multi_god_temple, gammafunk_ghost_nasty_kobolds,
          cheibrodos_sewer_entry_bend, kennysheep_generic_room_4
D:4:      layout_basic, uniq_eustachio, uniq_ijyb

Skill      XL: |  1  2  3  4 |
---------------+-------------+-----
Armour         | 3 |  3.4
Long Blades    | 2 3 |  3.4
Shields        | 3 |  3.1
Spellcasting   | 1 |  1.3
Fighting       | |  3.6
Dodging        | |  0.4

Action                     |  1- 3 |  4- 6 || total
---------------------------+-------+-------++-------
  Melee: Long sword        |   114 |    96 ||   210
         Headbutt          |    13 |    11 ||    24
    Use: Scroll            |       |     5 ||     5
 Armour: Scale mail        |    75 |    41 ||   116
  Dodge: Dodged            |    62 |    42 ||   104
         Repelled          |       |     1 ||     1
  Block: Buckler           |    52 |    19 ||    71
